 Dungeon Crawl Stone Soup version 0.20.0-15-g7f486f2 (webtiles) character file.

79 InterDimensionalOwl the Vandal (level 4, -5/29 HPs)
             Began as a Halfling Hunter on June 14, 2017.
             Killed by nerve-wracking pain
             ... invoked by an orc priest
              (7 damage)
             ... on level 3 of the Dungeon.
             The game lasted 00:18:31 (2176 turns).

InterDimensionalOwl the Vandal (Halfling Hunter)    Turns: 2176, Time: 00:18:32

Health: -5/29      AC:  5    Str: 15    XL:     4   Next: 62%
Magic:  4/4        EV: 15    Int:  9    God:
Gold:   62         SH:  0    Dex: 15    Spells: 3/3 levels left

rFire    . . .     SeeInvis .   b - +0 short sword
rCold    . . .     Gourm    .   (shield restricted)
rNeg     . . .     Faith    .   c - +1 leather armour
rPois    .         Spirit   .   (helmet restricted)
rElec    .         Reflect  .   p - scarf {repulsion}
rCorr    .         Harm     .   i - +0 pair of gloves
MR       .....                  (no boots)
Stlth    ++........             (no amulet)
Regen    0.1/turn               (no ring)
MPRegen  0.1/turn               (no ring)

@: repel missiles
A: horns 1, mutation resistance 1, strong 1
a: no special abilities


You were on level 3 of the Dungeon.
You were not hungry.

You visited 1 branch of the dungeon, and saw 3 of its levels.

You collected 62 gold pieces.

Inventory:

Hand Weapons
 a - a +1 hunting sling
 b - a +0 short sword (weapon)
 k - a +2 dagger of protection
Missiles
 d - 17 sling bullets
 e - 102 stones (quivered)
Armour
 c - a +1 leather armour (worn)
 i - a +0 pair of gloves (worn)
 p - a scarf of repulsion (worn)
Jewellery
 g - an uncursed ring of protection from cold {unknown}
 o - a +3 ring of evasion {unknown}
Potions
 f - a potion of haste {unknown}
 n - a potion of curing {unknown}
Comestibles
 m - 2 bread rations


   Skills:
 - Level 2.2 Fighting
 + Level 1.3 Short Blades
 + Level 6.4 Slings
 + Level 2.9 Dodging
 + Level 2.6 Stealth


You had 3 spell levels left.
You didn't know any spells.

Dungeon Overview and Level Annotations

Branches:
Dungeon (3/15)

Altars:

Annotations:
D:3 Ashar's ghost, amateur GrFi


Innate Abilities, Weirdness & Mutations

You are small and have problems with some larger weapons.
You are somewhat resistant to further mutation.
You have a pair of small horns on your head.
Your muscles are strong. (Str +2)


Message History

There is a stone staircase leading up here.
Really attack while wielding your +1 hunting sling? [Y]es or [N]o only, please.
Really attack while wielding your +1 hunting sling?
Okay, then.
The orc misses you.
You climb upwards.
There is a stone staircase leading down, spattered with blood here.
b - a +0 short sword (weapon)
You hit the orc. You headbutt the orc.
You kill the orc!
You climb downwards.
Level annotation: Ashar's ghost, amateur GrFi The orc priest invokes the aid of Beogh against you.
Pain shoots through your body! Ashar's ghost hits you!
* * * LOW HITPOINT WARNING * * *
The orc barely misses you.
The orc priest calls down the wrath of Beogh upon you.
Pain shoots through your body!
You die...

##.#.## #.#.....
#.#o...##
#.#.....
####......
##...##
........o#
.o....#
#.......#####
......
##.#oW......#
....#
#.@......##....#
#....o...''....#
##.......##....#
+.......''....+
#.......##....#
#......†# [...#
+.......# ....#
#.......# #####
#########


You could see an orc priest, Ashar's ghost and 3 orcs.

Vanquished Creatures
  3 adders (D:2)
  An ooze (D:3)
  A dart slug (D:3)
  An orc (D:2)
  A ball python (D:2)
  A giant cockroach (D:2)
  9 hobgoblins
  A quokka (D:2)
  3 bats (D:1)
  2 frilled lizards (D:1)
  6 goblins
  8 kobolds
  6 rats
43 creatures vanquished.

Notes
Turn   | Place    | Note
-------+----------+-------------------------------------------
     0 | D:1      | InterDimensionalOwl the Halfling Hunter began the quest for the Orb.
     0 | D:1      | Reached XP level 1. HP: 14/14 MP: 1/1
   464 | D:1      | Reached XP level 2. HP: 19/19 MP: 2/2
   523 | D:1      | Reached skill level 6 in Slings
  1045 | D:2      | Reached XP level 3. HP: 24/24 MP: 3/3
  1640 | D:2      | Reached skill level 1 in Short Blades
  1640 | D:2      | Reached XP level 4. HP: 7/29 MP: 4/4
  1641 | D:2      | Gained mutation: You have a pair of small horns on your head. [potion of mutation]
  1641 | D:2      | Gained mutation: Your muscles are strong. (Str +2) [potion of mutation]
  2168 | D:3      | Noticed Ashar's ghost (amateur GrFi)
  2176 | D:3      | Killed from afar by an orc priest

Skill      XL: |  1  2  3 |
---------------+----------+-----
Fighting       | 2 |  2.2
Slings         | 6 |  6.4
Short Blades   | 1 |  1.3
Stealth        | 2 |  2.6
Dodging        | |  2.9

Action                   |  1- 3 |  4- 6 || total
-------------------------+-------+-------++-------
Melee: Short sword       |   104 |    26 ||   130
       Dagger            |    26 |       ||    26
       Headbutt          |       |     5 ||     5
 Fire: Hunting sling     |    10 |     2 ||    12
Throw: Stone             |     5 |       ||     5
  Use: Scroll            |     3 |     3 ||     6
       Potion            |       |     2 ||     2
 Stab: Sleeping          |     2 |     1 ||     3
  Eat: Bread ration      |     1 |       ||     1
Armor: Leather armour    |    35 |     7 ||    42
Dodge: Dodged            |    70 |    25 ||    95
       Deflected         |       |     3 ||     3
